Map: Pillars of Gold LE

Players

Massa

  • Race: Terran Terran
  • League: Platinum
  • Spawn Location: 1:00

Jonny - Winner!

  • Race: Terran Terran
  • League: Diamond
  • Spawn Location: 7:00

VOD

Have the link to the VOD?

Description

Time

  • Played on: Jan. 23, 2021, 5:53 a.m.
  • Length: 15:51
Show
View Real Time Build Order
Export as new Build Order

Massa Terran 

Build Orders:  

Get SALT Encoding   

  12  0:00  SCV  
  13  0:12  SCV  
  14  0:20  Supply Depot  
  14  0:24  SCV  
  15  0:41  SCV  
  15  0:42  Barracks  
  16  0:47  Refinery  
  16  0:53  SCV  
  17  1:05  SCV  
  18  1:20  SCV  
  19  1:33  Command Center  
  19  1:51  Barracks Reactor  
  19  1:55  Orbital Command  
  18  2:22  Command Center  
  18  2:28  Marine x2  
  20  2:35  Supply Depot  
  20  2:37  SCV  
  21  2:46  Marine  
  21  2:48  Marine  
  21  2:49  SCV  
  24  3:00  Factory  
  24  3:03  SCV  
  24  3:04  SCV, Marine  
  27  3:13  Marine  
  27  3:18  SCV x2  
  30  3:21  Marine  
  31  3:30  Orbital Command, SCV  
  31  3:31  Marine  
  33  3:36  SCV  
  34  3:42  SCV  
  34  3:45  Hellion  
  34  3:48  SCV  
  38  3:54  SCV, Marine x2, Supply Depot  
  41  3:57  SCV  
  41  4:00  SCV  
  43  4:03  Refinery  
  43  4:09  SCV  
  44  4:10  Engineering Bay  
  44  4:29  Marine x2  
  44  4:30  Factory Tech Lab  
  46  4:32  SCV  
  46  4:33  SCV x2  
  46  4:36  Starport  
  49  4:38  Barracks  
  49  4:42  Barracks  
  49  4:44  SCV  
  50  4:47  Marine x2  
  50  4:48  Siege Tank  
  50  4:50  Refinery  
  55  5:01  SCV x3  
  55  5:04  Marine x2  
  55  5:06  Refinery  
  60  5:13  SCV x2, Missile Turret  
  62  5:17  Missile Turret, Medivac  
  65  5:25  SCV  
  65  5:26  Marine  
  65  5:27  Marine  
  67  5:40  Supply Depot  
  67  5:43  Supply Depot  
  67  5:44  Planetary Fortress  
  67  5:45  SCV  
  67  5:46  SCV  
  67  5:48  Barracks Tech Lab  
  67  5:49  Barracks Tech Lab  
  69  6:02  Siege Tank  
  62  6:13  Marauder x2, Marine x2  
  66  6:31  Marine x2  
  68  6:32  Stimpack  
  68  6:33  Combat Shield  
  68  6:34  Siege Tank  
  68  6:35  SCV x3, Marauder x2  
  80  6:47  SCV x2  
  80  6:49  Marine x2  
  84  6:54  Missile Turret  
  79  7:03  Terran Infantry Weapons Level 1  
  79  7:06  Starport Tech Lab  
  71  7:16  Missile Turret  
  71  7:21  Cyclone  
  69  7:31  Starport Tech Lab  
  68  7:39  Marine  
  68  7:40  Marine x3  
  63  7:52  Raven  
  63  7:55  SCV x2  
  63  7:56  SCV  
  63  7:57  Marine x2  
  70  8:07  SCV  
  70  8:08  SCV  
  70  8:23  Marauder, Marine  
  70  8:24  Marauder, Marine  
  69  8:35  Cyclone, Viking  
  69  8:37  Mag-Field Accelerator  
  72  8:41  Marine  
  72  8:45  Marauder x2  
  77  8:48  Corvid Reactor  
  77  8:53  SCV  
  77  8:54  SCV x2  
  74  9:04  Viking  
  74  9:05  SCV  
  74  9:06  SCV x2  
  74  9:08  Marine  
  74  9:09  Marine x3  
  76  9:18  SCV x2  
  74  9:26  Marine  
  74  9:27  Marine x3  
  73  9:58  Supply Depot x2  
  73  9:59  Supply Depot  
  73  10:01  Supply Depot  
  73  10:13  Barracks Reactor  
  73  10:15  Supply Depot  
  73  10:16  Supply Depot  
  73  10:19  Raven, Marine x3  
  78  10:21  Cyclone, Command Center  
  81  10:37  Marauder, Marine x2  
  81  10:40  Supply Depot  
  81  10:41  Supply Depot  
  85  10:50  Marine  
  85  10:51  Marine  
  85  10:53  Cyclone  
  85  10:55  Marine x2  
  92  10:59  Marauder  
  91  11:08  Marine x2  
  93  11:13  Marine x2  
  93  11:17  Starport  
  95  11:19  Starport  
  95  11:20  Marauder  
  95  11:22  Terran Infantry Armor Level 1  
  97  11:25  Siege Tank  
  97  11:27  Armory  
  100  11:42  Marauder  
  102  11:57  Cyclone  
  68  12:39  Cyclone  
  64  12:45  Viking  
  64  12:46  Viking x2, Missile Turret  
  64  12:48  Missile Turret  
  64  12:50  Missile Turret  
  45  13:15  Viking x2  
  47  13:27  Factory Reactor  
  45  13:29  Factory Tech Lab  
  41  13:45  Orbital Command, Viking  
  42  13:48  Missile Turret  
  42  13:49  Missile Turret  
  42  13:51  Missile Turret  
  42  13:52  Cyclone  
  40  13:56  Marine  
  40  13:57  Marine x2  
  37  14:05  Missile Turret  
  37  14:08  SCV x2  
  37  14:09  Missile Turret  
  37  14:11  Missile Turret  
  37  14:14  Marine  
  37  14:15  Marine x2  
  38  14:20  SCV x2  
  32  14:26  SCV  
  33  14:32  SCV x2, Marine x2  
  33  14:38  SCV  
  35  14:40  Factory Tech Lab  
  35  14:41  Barracks  
  35  14:44  SCV  
  31  15:00  Missile Turret  
  31  15:02  Cyclone  
  32  15:16  SCV  
  33  15:21  Barracks  
  33  15:23  Barracks  
  33  15:25  Barracks  
  33  15:26  Barracks  
  33  15:28  SCV  
  33  15:30  Barracks x2  
  33  15:34  Barracks Reactor  
Show
View Real Time Build Order
Export as new Build Order

Jonny Terran - Winner!

Build Orders:  

Get SALT Encoding   

  12  0:00  SCV  
  13  0:12  SCV  
  14  0:18  Supply Depot  
  14  0:24  SCV  
  15  0:40  SCV  
  16  0:43  Barracks  
  16  0:46  Refinery  
  16  0:52  SCV  
  17  1:11  SCV  
  18  1:23  SCV  
  19  1:30  Supply Depot  
  19  1:34  Marine  
  19  1:35  SCV  
  21  1:47  SCV  
  21  1:52  Marine  
  23  1:57  Command Center  
  23  2:03  Factory  
  23  2:13  Marine  
  24  2:18  Refinery  
  24  2:25  Orbital Command  
  24  2:31  Marine  
  25  2:47  Factory Tech Lab  
  25  2:49  Marine  
  25  2:50  Starport  
  26  3:03  SCV  
  27  3:06  Marine  
  27  3:12  Siege Tank  
  31  3:15  SCV  
  31  3:17  SCV  
  33  3:29  SCV  
  34  3:39  Refinery  
  34  3:41  SCV, Marine  
  35  3:42  SCV  
  37  3:49  Engineering Bay  
  37  3:53  SCV  
  38  3:56  Starport Tech Lab  
  38  4:00  Marine  
  39  4:05  SCV  
  40  4:13  Fusion Core  
  40  4:16  Supply Depot  
  40  4:17  Medivac  
  42  4:18  Marine  
  42  4:24  Terran Infantry Weapons Level 1  
  42  4:34  Supply Depot  
  42  4:36  Marine  
  43  4:39  SCV  
  44  4:47  Refinery  
  44  4:48  SCV  
  44  4:51  SCV  
  46  4:56  Siege Tank  
  46  4:57  Marine  
  50  5:01  SCV  
  50  5:03  SCV  
  52  5:13  SCV  
  53  5:15  SCV  
  53  5:17  Battlecruiser  
  60  5:21  Marine  
  60  5:25  SCV  
  62  5:49  Orbital Command  
  62  5:52  Supply Depot  
  62  5:54  Supply Depot  
  62  6:14  Cyclone, Marine  
  65  6:31  SCV  
  65  6:32  Marine  
  67  6:37  Battlecruiser  
  73  6:43  SCV  
  73  6:46  Siege Tank  
  77  6:49  Marine  
  78  8:01  Marine  
  69  8:19  Marine  
  57  8:54  Battlecruiser  
  57  8:55  Marine  
  64  8:56  Siege Tank  
  67  9:13  Marine  
  68  9:28  Siege Tank  
  68  9:31  Marine  
  61  9:48  Marine  
  62  9:54  Starport  
  62  9:59  Battlecruiser  
  68  10:00  Siege Tank  
  68  10:06  Marine  
  72  10:07  Barracks  
  72  10:12  Barracks  
  72  10:24  Marine  
  72  10:27  SCV, Command Center  
  74  10:32  Starport Tech Lab, Siege Tank  
  74  10:34  Weapon Refit  
  77  10:37  Supply Depot  
  77  10:39  SCV  
  77  10:42  Marine  
  75  11:00  Marine  
  75  11:03  Battlecruiser  
  82  11:14  Battlecruiser  
  82  11:18  Marine  
  89  11:31  SCV, Command Center  
  90  11:34  Marine x2  
  90  11:35  Marine  
  93  11:41  Supply Depot  
  93  11:52  Marine x2  
  93  11:53  Marine  
  96  11:58  Command Center  
  96  12:07  Battlecruiser  
  102  12:10  Marine x2  
  102  12:11  Marine  
  105  12:19  Battlecruiser  
  105  12:28  Marine x2  
  105  12:29  Marine  
  90  12:45  Marine  
  90  12:46  Marine  
  90  12:47  Marine  
  90  12:49  SCV  
  90  12:51  Siege Tank  
  96  13:03  Marine x2  
  96  13:04  Marine  
  98  13:11  Battlecruiser  
  101  13:21  Marine x2  
  101  13:22  Marine  
  101  13:23  Battlecruiser  
  104  13:39  Marine x2  
  104  13:40  Marine  
  95  13:57  Marine  
  96  14:15  Marine x3  
  96  14:16  Battlecruiser  
  105  14:27  Battlecruiser  
  111  14:32  Marine  
  111  14:33  Marine x2  
  108  14:50  Marine x2  
  108  14:51  Marine  
  105  15:08  Marine x3  
  114  15:26  Marine x3  
Tags
 
Matchup
TvT
Race
Terran
Replay Pack
Multiplayer
Spawn Locations
Cross Positions
Add a new tag
Caveats
  • Supply blocks, unpowered buildings, or Contaminate may cause inaccurate times.
  • Supply counts are checked every 10 seconds.